AoeStats
← Edeko Queen of the Huns

Nomad

503448668Analyzed
1v1 RM · 1mo ago on Aug 31, 2026· 46m 20s· 2 players
Game mode
Random Map
Map size
126×126
Population
200
Speed
Normal
Resources
Standard
Victory
Conquest
Starting age
Dark Age
Ending age
Imperial Age
RankedLock teamsTeams togetherTeam positionsShared explorationLock speedFull tech treeHidden civsTurbo modeCheats
Victory
Defeat
🇸🇮 Mongols · Slovenia
917
+16
🇮🇪 Malians · Ireland
914
-16
Edeko Queen of the Huns
9:17 Loom
13:40 Feudal Age
14:33 Man-at-Arms
18:31 Wheelbarrow
19:22 Forging
21:14 Castle Age
23:48 Medium Warships
26:21 Bloodlines
25:34 Long Swordsman
29:06 Pikeman
31:33 Husbandry
32:31 Scale Mail Armor
33:07 Iron Casting
34:17 Scale Barding Armor
35:15 Hand Cart
36:05 Fishing Lines
43:50 Imperial Age
41:48 Squires
43:10 Chain Barding Armor
44:09 Heavy Camel Rider
44:44 Double-Bit Axe
Haaveilen
9:28 Loom
11:30 Feudal Age
13:22 Double-Bit Axe
17:20 Gold Mining
21:12 Castle Age
20:21 Fishing Lines
22:03 Husbandry
22:39 Gillnets
24:04 Wheelbarrow
24:02 Bloodlines
23:15 Light Cavalry
25:54 Gold Shaft Mining
25:11 Stone Mining
25:32 Bow Saw
25:48 Medium Warships
26:17 Husbandry
26:21 Fletching
28:55 Hand Cart
34:00 Horse Collar
37:49 Heavy Plow
39:47 Ballistics
42:51 Scale Barding Armor
42:43 Bodkin Arrow
42:48 Padded Archer Armor
42:59 Forging
45:43 Imperial Age
45:52 Elite Mangudai
Connection lost

Rejoining the realm…

Still unreachable

The connection could not be restored.

Session expired

The server has moved on; the page needs a fresh start.